 Dungeon Crawl Stone Soup version 0.23.2-40-g277498a001 (webtiles) character file.

Game seed: 17111035462393186358

26 Martska the Chiller (level 3, -5/26 HPs)
             Began as a Merfolk Ice Elementalist on Oct 4, 2019.
             Slain by a gnoll
             ... wielding a +0 club
              (8 damage)
             ... on level 1 of the Dungeon.
             The game lasted 00:03:04 (1121 turns).

Martska the Chiller (Merfolk Ice Elementalist)      Turns: 1121, Time: 00:03:05

Health: -5/26      AC:  2    Str:  8    XL:     3   Next: 8%
Magic:  5/6        EV: 13    Int: 14    God:
Gold:   36         SH:  0    Dex: 15    Spells: 5/6 levels left

rFire    . . .     SeeInvis .   g - +1 short sword (venom)
rCold    . . .     Gourm    .   (no shield)
rNeg     . . .     Faith    .   a - +0 robe
rPois    +         Spirit   .   (no helmet)
rElec    .         Reflect  .   (no cloak)
rCorr    .         Harm     .   (no gloves)
MR       .....                  (no boots)
Stlth    ++........             (no amulet)
HPRegen  0.08/turn              b - ring of poison resistance
MPRegen  0.10/turn              (no ring)

@: no status effects
A: change form in water, swift swim, stealthy swim
a: no special abilities


You were on level 1 of the Dungeon.
You were hungry.

You visited 1 branch of the dungeon, and saw 2 of its levels.

You collected 36 gold pieces.

Inventory:

Hand Weapons
 d - a +0 club
 g - a +1 short sword of venom (weapon)
Armour
 a - a +0 robe (worn)
Jewellery
 b - a ring of poison resistance (left hand)
Scrolls
 f - a scroll of identify {unknown}
 i - a scroll of blinking {unknown}
Potions
 e - a potion of might {unknown}
 h - 2 potions of invisibility {unknown}
 j - a potion of brilliance {unknown}
Comestibles
 c - 3 rations


   Skills:
 * Level 1.4 Fighting
 * Level 3.3 Dodging
 + Level 2.5 Stealth
 + Level 2.1 Spellcasting
   Level 0.7 Conjurations
 + Level 3.4 Ice Magic


You had 5 spell levels left.
You knew the following spells:

 Your Spells              Type           Power        Failure   Level  Hunger
a - Freeze                Ice            ##..         5%          1    #......

Your spell library contained the following spells:

 Spells                   Type           Power        Failure   Level  Hunger
 Throw Frost              Conj/Ice       #.....       16%         2    ###....
 Ozocubu's Armour         Chrm/Ice       #.......     34%         3    ###....
 Throw Icicle             Conj/Ice       #.......     69%         4    #####..
 Summon Ice Beast         Ice/Summ       #.......     75%         4    #####..


Dungeon Overview and Level Annotations

Branches:
Dungeon (2/15)

Altars:

Annotations:
D:2 Sigmund


Message History

There is a stone staircase leading down here.
You climb downwards.
Level annotation: Sigmund The gnoll hits you with a +0 club.
There is a stone staircase leading up here.
The gnoll shouts!
The gnoll closely misses you.
The gnoll hits you from afar with a +0 spear! x2
* * * LOW HITPOINT WARNING * * *
You climb upwards.
There is a stone staircase leading down here.
Casting: Freeze (safe; 5% risk of failure)
Confirm with . or Enter, or press ? or * to list all spells.
Aiming: Freeze (safe; 5% risk of failure)
Press: ? - help, Shift-Dir - straight line, f - gnoll
Aim: a gnoll, wielding a +0 club You freeze the gnoll.
The gnoll is lightly wounded.
The gnoll hits you with a +0 club!
You die...

######### #.......#
#.#####.# ####
#.#####.#######
...########.............#
................>.#####.#
.......####.#.#.g.# #.#
.......# #.....@.# #.#
.......# #.####.## #.#
#......# #.####÷# #.#
#......# #.....÷# #.#
#......# ######## #.#
#......# #.#
#......########## #.#
................# #####.#
###############.# #.....#


You could see a gnoll.

Vanquished Creatures
  An ooze (D:1)
  A leopard gecko (D:1)
  A giant cockroach (D:1)
  4 goblins
  2 hobgoblins (D:1)
  4 bats (D:1)
  2 frilled lizards
  3 kobolds (D:1)
  2 rats (D:1)
20 creatures vanquished.

Notes
Turn   | Place    | Note
-------+----------+-------------------------------------------
     0 | D:1      | Martska the Merfolk Ice Elementalist began the quest for
                  | the Orb.
     0 | D:1      | Reached XP level 1. HP: 13/13 MP: 3/3
   207 | D:1      | Reached XP level 2. HP: 18/20 MP: 0/5
   286 | D:1      | Reached skill level 1 in Fighting
   993 | D:2      | Reached XP level 3. HP: 26/26 MP: 6/6
  1015 | D:2      | Noticed Sigmund
  1121 | D:1      | Slain by a gnoll

Skill      XL: |  1  2 |
---------------+-------+-----
Dodging        | 3 |  3.3
Fighting       | 1 |  1.4
Stealth        | |  2.5
Spellcasting   | |  2.1
Conjurations   | |  0.7
Ice Magic      | |  3.4

Action                   || total
-------------------------++-------
Melee: Club              ||    16
       Short sword       ||    14
 Cast: Freeze            ||    15
Armor: Robe              ||     8
Dodge: Dodged            ||    34
